 Dungeon Crawl Stone Soup version 0.27-a0-1291-geefcff550b (webtiles) character file.

Game seed: 3371367795587817805

35 quinnr the Conjurer (level 3, -2/19 HPs)
             Began as a Tengu Conjurer on June 15, 2021.
             Killed by nerve-wracking pain
             ... invoked by Jessica
              (13 damage)
             ... on level 2 of the Dungeon.
             The game lasted 00:03:12 (1247 turns).

quinnr the Conjurer (Tengu Conjurer)                Turns: 1247, Time: 00:03:13

Health: -2/19      AC:  2    Str:  7    XL:     3   Next: 35%
Magic:  2/8        EV: 12    Int: 19    God:
Gold:   57         SH:  0    Dex: 12    Spells: 4/8 levels left

rFire    . . .     SeeInvis .   (no weapon)
rCold    . . .     Faith    .   (no shield)
rNeg     . . .     Spirit   .   a - +0 robe
rPois    .         Reflect  .   (helmet restricted)
rElec    .         Harm     .   (no cloak)
rCorr    .         Rampage  .   (no gloves)
Will     .....                  (boots unavailable)
Stlth    ++........             c - amulet of magic regeneration
HPRegen  0.06/turn              d - ring of wizardry
MPRegen  0.36/turn              (no ring)

@: no status effects
A: beak, talons 3
a: no special abilities


You were on level 2 of the Dungeon.
You visited 1 branch of the dungeon, and saw 2 of its levels.

You collected 57 gold pieces.

Inventory:

Armour
 a - a +0 robe (worn)
Jewellery
 c - an amulet of magic regeneration (around neck)
 d - a ring of wizardry (left hand)
Scrolls
 b - a scroll of summoning {unknown}


   Skills:
 - Level 2.1 Dodging
 - Level 2.0 Stealth
 - Level 3.0 Spellcasting
 + Level 5.8 Conjurations
 + Level 0.1 Hexes


You had 4 spell levels left.
You knew the following spells:

 Your Spells              Type           Power      Damage    Failure   Level
a - Magic Dart            Conj           100%       1d8       1%          1
b - Dazzling Flash        Conj/Hex       28%        N/A       5%          3

Your spell library contained the following spells:

 Spells                   Type           Power      Damage    Failure   Level
 Searing Ray              Conj           50%        3d5       1%          2
 Fulminant Prism          Conj/Hex       7%         3d7       17%         4
 Iskenderun's Mystic Bla  Conj/Tloc      14%        2d5       17%         4


Dungeon Overview and Level Annotations

Branches:
Dungeon (2/15)

Altars:

Annotations:
D:2 Jessica


Innate Abilities, Weirdness & Mutations

You have a beak for a mouth.
You have claws for feet.


Message History

Aiming: Magic Dart (safe; 1% risk of failure)
Press: ? - help, Q - select action Shift-Dir - straight line, f/p - Jessica
Aim: Jessica, wielding a +0 club and wearing a +0 robe (moderately wounded, 100% to hit)
The magic dart hits Jessica.
Jessica is heavily wounded.
Aiming: Magic Dart (safe; 1% risk of failure)
Press: ? - help, Q - select action Shift-Dir - straight line, f/p - Jessica
Aim: Jessica, wielding a +0 club and wearing a +0 robe (heavily wounded, 100% to hit)
The magic dart hits Jessica.
Jessica is severely wounded.
Jessica mumbles something strange.
Aiming: Magic Dart (safe; 1% risk of failure)
Press: ? - help, Q - select action Shift-Dir - straight line, f/p - Jessica
Aim: Jessica, wielding a +0 club and wearing a +0 robe (severely wounded, 100% to hit)
The magic dart hits Jessica.
Jessica is almost dead.
Aiming: Magic Dart (safe; 1% risk of failure)
Press: ? - help, Q - select action Shift-Dir - straight line, f/p - Jessica
Aim: Jessica, wielding a +0 club and wearing a +0 robe (severely wounded, 100% to hit)
The magic dart hits Jessica.
Jessica is almost dead.
Aiming: Magic Dart (safe; 1% risk of failure)
Press: ? - help, Q - select action Shift-Dir - straight line, f/p - Jessica
Aim: Jessica, wielding a +0 club and wearing a +0 robe (almost dead, 100% to hit)
The magic dart hits Jessica but does no damage.
Jessica is almost dead.
Aiming: Magic Dart (safe; 1% risk of failure)
Press: ? - help, Q - select action Shift-Dir - straight line, f/p - Jessica
Aim: Jessica, wielding a +0 club and wearing a +0 robe (almost dead, 100% to hit)
The magic dart hits Jessica but does no damage.
Jessica is almost dead.
Jessica points at you and mumbles some strange words.
Pain shoots through your body!
Casting: Magic Dart (safe; 1% risk of failure)
Confirm with . or Enter, or press ? or * to list all spells.
The spell is quite dangerous to cast (5% risk of failure)!
Continue anyway?
Jessica casts a spell at you. Pain shoots through your body!
Ouch! That really hurt!
You die...

..... #...# # # #...#
. .B #...# .#.#.
#####...#######.....
#.#.#.#.#.#......#.#
#.#.#.#.#.'.........
#.#.#.#.###..)....#.
#......@.@.......ยง..
###.#.##.##........#
#<#.##.##.........
###.##.##.........
#.##.##.........
#.##.##.........
#.##.##........
..##.###.###### #.#


You could see Jessica.

Vanquished Creatures
  A dart slug (D:1)
  4 ball pythons
  An endoplasm (D:1)
  A giant cockroach (D:1)
  6 goblins
  3 hobgoblins (D:1)
  2 jackals (D:1)
  A kobold (D:1)
  3 bats
  5 frilled lizards
  2 rats (D:1)
29 creatures vanquished.

Notes
Turn   | Place    | Note
-------+----------+-------------------------------------------
     0 | D:1      | quinnr the Tengu Conjurer began the quest for the Orb.
     0 | D:1      | Reached XP level 1. HP: 10/10 MP: 4/4
    96 | D:1      | Found a faded altar of an unknown god.
   149 | D:1      | Reached XP level 2. HP: 15/15 MP: 3/6
   638 | D:1      | Reached XP level 3. HP: 19/19 MP: 6/8
   947 | D:1      | Learned a level 3 spell: Dazzling Flash
  1233 | D:2      | Noticed Jessica
  1247 | D:2      | Killed from afar by Jessica

Illustrated notes

Levels and vault maps discovered:
D:1:      dpeg_arrival_shrine, layout_loops_ring,
          ebering_ecumenical_altar_petrified
D:2:      layout_basic, basic_altar, hex_large, grunt_ministairs_6,
          amcnicky_mini_rare_corridor_liquid, uniq_jessica

Skill      XL: |  1  2 |
---------------+-------+-----
Spellcasting   | 3 |  3.0
Dodging        | |  2.1
Stealth        | |  2.0
Conjurations   | |  5.8
Hexes          | |  0.1

Action                   || total
-------------------------++-------
 Cast: Magic Dart        ||    53
       Dazzling Flash    ||     1
Dodge: Dodged            ||     3

Table legend: (Time is in decaauts)
 A = Elapsed time spent in this place.
 B = Non-inter-level travel time spent in this place.
 C = Inter-level travel time spent in this place.
 D = Time resting spent in this place.
 E = Time spent auto-exploring this place.
 F = Levels seen in this place.
 G = Mean time per level.
                   A        B        C        D        E       F      G
               +--------+--------+--------+--------+--------+-----+--------+
         Total |   1249 |   1230 |     19 |    266 |    796 |   2 |  624.5 |
       Dungeon |   1249 |   1230 |     19 |    266 |    796 |   2 |  624.5 |
               +--------+--------+--------+--------+--------+-----+--------+

Top non-repeatable levels by time:
     D:1: 1194 daAuts
     D:2: 55 daAuts
